 Dungeon Crawl Stone Soup version 0.31-a0-963-ga325b2283a (webtiles) character file.

Game seed: 321121013374057981

258 GordonOverkill the Sneak (level 6, 0/37 HPs)
             Began as a Tengu Delver on Oct 25, 2023.
             Slain by Sigmund
             ... wielding a +0 scythe
              (8 damage)
             ... on level 3 of the Dungeon.
             The game lasted 00:04:37 (2412 turns).

GordonOverkill the Sneak (Tengu Delver)             Turns: 2412, Time: 00:04:38

Health: 0/37       AC: 11    Str: 12    XL:     6   Next: 16%
Magic:  11/11      EV: 12    Int: 13    God:
Gold:   123        SH:  0    Dex: 15    Spells: 11/11 levels left

rFire   . . .        p - +1 dagger (drain)
rCold   . . .        (no shield)
rNeg    . . .        b - +0 leather armour
rPois   .            (helmet restricted)
rElec   .            (no cloak)
rCorr   .            (no gloves)
SInv    .            (boots unavailable)
Will    .....        e - amulet of magic regeneration
Stlth   +            k - +4 ring of protection
HPRegen 0.26/turn    o - +4 ring of protection
MPRegen 0.52/turn

%: acrobat
@: confused
A: beak, talons 3, acrobatic
a: no special abilities


You were on level 3 of the Dungeon.
You visited 1 branch of the dungeon, and saw 6 of its levels.

You collected 123 gold pieces.

Inventory:

Hand Weapons
 p - a +1 dagger of draining (weapon)
Missiles
 h - 5 atropa-tipped darts
 m - 2 poisoned darts (quivered)
 v - 6 darts of dispersal
Armour
 b - a +0 leather armour (worn)
Jewellery
 e - an amulet of magic regeneration (around neck)
 k - a +4 ring of protection (left hand)
 o - a +4 ring of protection (right hand)
 u - a ring of see invisible
 w - a ring of positive energy
Wands
 g - a wand of digging (3)
Scrolls
 c - a scroll of fog
 d - a scroll of revelation
 n - a scroll of teleportation {unknown}
 q - 3 scrolls of poison {unknown}
 t - a scroll of enchant armour {unknown}
Potions
 a - 2 potions of curing {unknown}
 f - 3 potions of haste
 i - 2 potions of enlightenment {unknown}
 j - 2 potions of might {unknown}
 l - 3 potions of heal wounds {unknown}
 r - a potion of invisibility {unknown}
 s - a potion of brilliance {unknown}


   Skills:
 - Level 3.0 Fighting
 - Level 3.0 Short Blades
 - Level 1.0 Throwing
 - Level 2.1 Dodging
 - Level 5.0 Stealth
 + Level 3.1 Spellcasting
 - Level 3.0 Conjurations
 - Level 3.0 Evocations


You had 11 spell levels left.
You didn't know any spells.
Your spell library was empty.

Dungeon Overview and Level Annotations

Branches:
Dungeon (6/15)
 Temple: D:4-7

Altars:

Annotations:
D:3 Sigmund


Innate Abilities, Weirdness & Mutations

You have a beak for a mouth.
You have claws for feet.
You can magically evade attacks while moving or waiting.


Message History

You hit Sigmund but do no damage. You drain Sigmund. Your kick misses Sigmund.
Sigmund is moderately wounded.
Sigmund misses you.
You hit Sigmund but do no damage. You drain Sigmund.
Sigmund is moderately wounded.
You hit Sigmund. You drain Sigmund. You claw Sigmund.
Sigmund is heavily wounded.
The orc misses you. Sigmund barely misses you. Sigmund completely misses you.
Things that are here:
a +0 club; an orc corpse You completely miss the orc.
The orc hits you with a +0 flail.
* * * LOW HITPOINT WARNING * * *
Sigmund attacks as he pursues you! Sigmund completely misses you.
The orc attacks as it pursues you! The orc completely misses you.
The orc attacks as it pursues you! The orc closely misses you.
The frilled lizard hisses.
The orc attacks as it pursues you! The orc completely misses you.
The orc attacks as it pursues you! The orc closely misses you.
The orc attacks as it pursues you! The orc misses you.
Sigmund gestures at you while chanting.
You are confused.
Unknown command.
Sigmund points at you and mumbles some strange words.
You are more confused.
The orc misses you.
There is a stone staircase leading up here.
The orc barely misses you.
In your confused state, you trip and fall back down the stairs.
* * * LOW HITPOINT WARNING * * *
The orc hits you with a +0 flail.
* * * LOW HITPOINT WARNING * * *
Sigmund hits you from afar with a +0 scythe!
* * * LOW HITPOINT WARNING * * *
In your confused state, you trip and fall back down the stairs.
* * * LOW HITPOINT WARNING * * *
The frilled lizard closely misses you.
Sigmund hits you from afar with a +0 scythe!
You die...
Sigmund begins carving another notch in his scythe.

##.# #.....
.#.##.###)####.##. #.##
#.##.##.#.##.....# #.##
...######.##...... ###.###
#.. ##...........##.#
##.## ##.#
########.......# #...# #
## #.......## #...# #.
#........# #...# #.#
.#........####...######.##
#........@oo....)....###.$
##........l@...........)..
##.#.###............#####
##..###.###.....####
#.......# #.....#
#.######## #.....# #.#
#.....# .# #.....#
###.....


You could see Sigmund (very drained), 2 orcs and a frilled lizard.

Vanquished Creatures
  An orc priest (D:3)
  Jessica (D:2)
  Terence (D:2)
  Natasha (thrice) (D:2)
  Robin (D:2)
  3 adders (D:2)
  A worm (D:3)
  6 orcs (D:3)
  4 ball pythons
  5 endoplasms
  2 giant cockroaches
  8 goblins
  3 hobgoblins
  7 jackals
  3 kobolds
  A quokka (D:1)
  A bat (D:3)
  2 frilled lizards (D:2)
  6 rats
59 creatures vanquished.

Notes
Turn   | Place    | Note
-------+----------+-------------------------------------------
     0 | D:5      | GordonOverkill the Tengu Delver began the quest for the
                  | Orb.
     0 | D:5      | Reached XP level 1. HP: 14/14 MP: 2/2
     1 | D:6      | Noticed an ogre
     1 | D:6      | Noticed an orc warrior
     1 | D:6      | Noticed an orc priest
    33 | D:5      | Noticed an ice beast
   107 | D:3      | Reached skill level 1 in Throwing
   107 | D:3      | Reached XP level 2. HP: 6/19 MP: 3/3
   187 | D:3      | Noticed Sigmund
   603 | D:1      | Reached skill level 1 in Spellcasting
   608 | D:1      | Reached XP level 3. HP: 23/23 MP: 5/5
  1162 | D:2      | Noticed Natasha
  1169 | D:2      | Killed Natasha
  1170 | D:2      | Reached XP level 4. HP: 28/28 MP: 6/8
  1216 | D:2      | Noticed Jessica
  1219 | D:2      | Killed Jessica
  1278 | D:2      | Identified the +0 helmet "Pysi" {Str+3}
  1278 | D:2      | Noticed Robin
  1283 | D:2      | Reached skill level 1 in Conjurations
  1291 | D:2      | Killed Robin
  1343 | D:2      | Reached XP level 5. HP: 29/32 MP: 10/10
  1405 | D:2      | Noticed Terence
  1417 | D:2      | Killed Terence
  1529 | D:2      | Noticed Natasha
  1545 | D:2      | Reached skill level 1 in Evocations
  1547 | D:2      | Killed Natasha
  1844 | D:2      | Noticed Natasha
  1860 | D:2      | Killed Natasha
  2307 | D:3      | Reached XP level 6. HP: 35/37 MP: 11/11
  2412 | D:3      | Slain by Sigmund

Illustrated notes

Levels and vault maps discovered:
D:1:      dpeg_arrival_simpleton_a, layout_loops_ring
D:2:      layout_loops_ring, serial_bayou_lake_a, uniq_jessica, uniq_terence,
          uniq_natasha, uniq_robin
D:3:      layout_loops_cross, overflow_temple_1_default, grunt_ministairs_1,
          minmay_fractal_squares_5, uniq_sigmund
D:4:      layout_loops_ring
D:5:      layout_basic, minmay_temple_entry_slanted, serial_curves,
          eino_curves_02, eino_curves_02, eino_curves_03
D:6:      layout_cave_pools, elyvilon_altar_4, uniq_edmund

Skill      XL: |  1  2  3  4  5  6 |
---------------+-------------------+-----
Throwing       | 1 |  1.0
Short Blades   | 3 |  3.0
Spellcasting   | 1 2 3 |  3.1
Conjurations   | 2 3 |  3.0
Evocations     | 2 3 |  3.0
Fighting       | |  3.0
Dodging        | |  2.1
Stealth        | |  5.0

Action                     |  1- 3 |  4- 6 || total
---------------------------+-------+-------++-------
  Melee: Short sword       |    66 |       ||    66
         Peck              |     9 |    10 ||    19
         Kick              |    12 |    22 ||    34
         Punch             |     2 |     1 ||     3
         Dagger            |     2 |    97 ||    99
    Use: Scroll            |     1 |       ||     1
   Stab: Sleeping          |     8 |     3 ||    11
 Armour: Leather armour    |    18 |    49 ||    67
  Dodge: Dodged            |    33 |    61 ||    94

Table legend: (Time is in decaauts)
 A = Elapsed time spent in this place.
 B = Non-inter-level travel time spent in this place.
 C = Inter-level travel time spent in this place.
 D = Time resting spent in this place.
 E = Time spent auto-exploring this place.
 F = Levels seen in this place.
 G = Mean time per level.
                   A        B        C        D        E       F      G
               +--------+--------+--------+--------+--------+-----+--------+
         Total |   2414 |   2196 |    218 |    421 |   1245 |   6 |  402.3 |
       Dungeon |   2414 |   2196 |    218 |    421 |   1245 |   6 |  402.3 |
               +--------+--------+--------+--------+--------+-----+--------+

Top non-repeatable levels by time:
     D:2: 1132 daAuts
     D:1: 945 daAuts
     D:3: 263 daAuts
     D:5: 40 daAuts
     D:4: 29 daAuts
     D:6: 2 daAuts
